 Dungeon Crawl Stone Soup version 0.28-a0-1038-g9c4cb8273d (webtiles) character file.

Game seed: 1960458933353039356

28 random13 the Insei (level 3, -2/23 HPs)
             Began as an Octopode Transmuter on Dec 9, 2021.
             Was an Initiate of Ru.
             Succumbed to a kobold's poison
             ... on level 1 of the Dungeon.
             The game lasted 00:02:10 (508 turns).

random13 the Insei (Octopode Transmuter)             Turns: 508, Time: 00:02:10

Health: -2/23      AC:  1    Str:  9    XL:     3   Next: 12%
Magic:  6/6        EV: 13    Int: 15    God:    Ru [......]
Gold:   38         SH:  0    Dex: 14    Spells: 5/6 levels left

rFire   . . .      SeeInvis .     - Unarmed
rCold   . . .      Faith    .   (no shield)
rNeg    . . .      Spirit   .   (helmet restricted)
rPois   .          Reflect  .   (no amulet)
rElec   .          Harm     .   (no ring)
rCorr   .          Rampage  .   (no ring)
Will    .....                   (no ring)
Stlth   ++........              (no ring)
HPRegen 0.07/turn               (no ring)
MPRegen 0.10/turn               (no ring)
                                (no ring)
                                (no ring)

@: lethally poisoned (-2 -> -13)
A: almost no armour, amphibious, 8 rings, camouflage 1, gelatinous body 1,
(nimble swimmer 1), tentacles
a: Renounce Religion, Sacrifice Health, Sacrifice Words, Sacrifice Artifice,
Reject Sacrifices


You were on level 1 of the Dungeon.
You worshipped Ru.
Ru was noncommittal.
You visited 1 branch of the dungeon, and saw 1 of its levels.

You collected 38 gold pieces.

Inventory:

Potions
 a - a potion of brilliance {unknown}


   Skills:
 - Level 1.0 Fighting
 - Level 2.0 Dodging
 + Level 4.2 Unarmed Combat
 - Level 2.0 Spellcasting
 - Level 2.0 Transmutations


You had 5 spell levels left.
You knew the following spells:

 Your Spells              Type           Power      Damage    Failure   Level
a - Beastly Appendage     Tmut           14%        N/A       10%         1

Your spell library contained the following spells:

 Spells                   Type           Power      Damage    Failure   Level
 Wereblood                Tmut           7%         N/A       14%         2
 Spider Form              Tmut/Pois      4%         N/A       41%         3
 Ice Form                 Ice/Tmut       4%         N/A       82%         4


Dungeon Overview and Level Annotations

Branches:
Dungeon (1/15)

Altars:
Ru


Innate Abilities, Weirdness & Mutations

You cannot wear most types of armour.
You are amphibious.
You can wear up to eight rings at the same time.
Your skin changes colour to match your surroundings (Stealth+).
Your rubbery body absorbs attacks. (AC +1, EV +1)
((You are camouflaged near water. (Stealth+)))
You have tentacles for arms and can constrict up to eight enemies at once.


Message History

You kill the hobgoblin!
The kobold throws a stone.
The stone misses you.
You tentacle-slap the quokka but do no damage.
You grab the quokka.
You pierce the quokka, but do no damage.
You constrict the quokka. The quokka misses you.
You tentacle-slap the quokka.
You kill the quokka!
Your tentacle spike disappears.
The kobold throws a stone.
The stone barely misses you.
You closely miss the kobold. Your grab misses the kobold.
The kobold misses you.
You barely miss the kobold. You grab the kobold.
You constrict the kobold, but do no damage.
The kobold struggles to escape constriction.
You tentacle-slap the kobold.
The kobold is moderately wounded.
You constrict the kobold. The kobold closely misses you.
You tentacle-slap the kobold.
You kill the kobold!
A kobold comes into view. It is wielding a +0 club.
The kobold hits you with a +2 short sword of venom.
* * * LOW HITPOINT WARNING * * *
You are lethally poisoned!
Items here: ( ) ††.
The kobold shouts!
You tentacle-slap the kobold. You grab the kobold.
The kobold is severely wounded.
You constrict the kobold, but do no damage.
* * * LOW HITPOINT WARNING * * *
You feel sick. The kobold misses you.
You tentacle-slap the kobold but do no damage.
The kobold is severely wounded.
You constrict the kobold, but do no damage.
The kobold hits you with a +2 short sword of venom.
* * * LOW HITPOINT WARNING * * *
You are more poisoned.
You tentacle-slap the kobold.
You kill the kobold!
You die...

.... ### .#.. ..#
.K ....... ...#
##.##. ... ...#
#.).#.##.##....#
......#...#....#
...#.K..†.....#
##.....?.)# .>
....##)#@##.#
##.#.##?.)...#
#........##..#####
......#.).#......#
#...#............#
##.##.#...#......##
###
......##.##........
..#
##...............#
#.#
##.###..........#
#.#


You could see a kobold.

Vanquished Creatures
  2 dart slugs (D:1)
  2 ball pythons (D:1)
  2 giant cockroaches (D:1)
  3 goblins (D:1)
  3 hobgoblins (D:1)
  4 kobolds (D:1)
  2 quokkas (D:1)
  A bat (D:1)
  A frilled lizard (D:1)
  A rat (D:1)
21 creatures vanquished.

Vanquished Creatures (others)
  4 toadstools (D:1)
4 creatures vanquished.

Grand Total: 25 creatures vanquished

Notes
Turn   | Place    | Note
-------+----------+-------------------------------------------
     0 | D:1      | random13 the Octopode Transmuter began the quest for the
                  | Orb.
     0 | D:1      | Reached XP level 1. HP: 13/13 MP: 3/3
   133 | D:1      | Found a faded altar of an unknown god.
   144 | D:1      | Reached XP level 2. HP: 14/18 MP: 3/5
   186 | D:1      | Prayed at the altar of an unknown god.
   186 | D:1      | Became a worshipper of Ru the Awakened
   491 | D:1      | Reached skill level 4 in Unarmed Combat
   496 | D:1      | Reached XP level 3. HP: 8/23 MP: 4/6
   507 | D:1      | HP: 1/23 [kobold (2)]
   508 | D:1      | Succumbed to a kobold's poison

Illustrated notes

Levels and vault maps discovered:
D:1:      ldierk_walled_garden_2, layout_loops_ring,
          ebering_ecumenical_altar_petrified, roderic_roman_lattice,
          hangedman_decor_clover_reticule, st_stairs_1

Skill      XL: |  1  2 |
---------------+-------+-----
Unarmed Combat | 4 |  4.2
Fighting       | |  1.0
Dodging        | |  2.0
Spellcasting   | |  2.0
Transmutations | |  2.0

Action                   || total
-------------------------++-------
Melee: Unarmed           ||    51
       Constrict         ||    17
       Punch             ||     1
       Kick              ||     8
       Tentacles         ||     2
 Cast: Beastly Appendage ||     4
 Stab: Sleeping          ||     2
Armor: Skin              ||     1
Dodge: Dodged            ||    28

Table legend: (Time is in decaauts)
 A = Elapsed time spent in this place.
 B = Non-inter-level travel time spent in this place.
 C = Inter-level travel time spent in this place.
 D = Time resting spent in this place.
 E = Time spent auto-exploring this place.
 F = Levels seen in this place.
 G = Mean time per level.
                   A        B        C        D        E       F      G
               +--------+--------+--------+--------+--------+-----+--------+
         Total |    505 |    505 |      0 |    149 |    250 |   1 |  505.0 |
       Dungeon |    505 |    505 |      0 |    149 |    250 |   1 |  505.0 |
               +--------+--------+--------+--------+--------+-----+--------+

Top non-repeatable levels by time:
     D:1: 505 daAuts
